 Dungeon Crawl Stone Soup version 0.30-a0-867-g305f33218d (webtiles) character file.

Game seed: 16186281504420229194

112 howech the Sneak (level 4, -1/27 HPs)
             Began as an Octopode Enchanter on Mar 10, 2023.
             Slain by a gnoll
             ... wielding a +0 spear
              (11 damage)
             ... on level 3 of the Dungeon.
             The game lasted 00:05:50 (2084 turns).

howech the Sneak (Octopode Enchanter)               Turns: 2084, Time: 00:05:51

Health: -1/27      AC:  1    Str:  7    XL:     4   Next: 93%
Magic:  5/7        EV: 13    Int: 19    God:
Gold:   124        SH:  0    Dex: 12    Spells: 2/7 levels left

rFire   . . .      SeeInvis +    n - +1 dagger (elec)
rCold   . . .      Faith    .    (no shield)
rNeg    . . .      Spirit   .    (helmet restricted)
rPois   .          Reflect  .    (no amulet)
rElec   .          Rampage  .    d - ring of see invisible
rCorr   .                        (no ring)
Will    .....                    m - ring of flight
Stlth   ++++                     (no ring)
HPRegen 0.24/turn                (no ring)
MPRegen 0.10/turn                (no ring)
                                 (no ring)
                                 (no ring)

@: flying
A: almost no armour, amphibious, 8 rings, camouflage 1, gelatinous body 1,
(nimble swimmer 1), tentacles
a: no special abilities


You were on level 3 of the Dungeon.
You visited 1 branch of the dungeon, and saw 3 of its levels.

You collected 124 gold pieces.

Inventory:

Hand Weapons
 a - a +1 dagger
 n - a +1 dagger of electrocution (weapon)
Jewellery
 d - a ring of see invisible (left tentacle)
 l - a ring of ice
 m - a ring of flight (on tentacle)
Scrolls
 e - a scroll of magic mapping {unknown}
 f - a scroll of acquirement {unknown}
 g - a scroll of immolation {unknown}
 h - 2 scrolls of identify
Potions
 b - 2 potions of invisibility
 c - 3 potions of mutation
 i - a potion of berserk rage {unknown}
 j - a potion of attraction {unknown}
 k - a potion of might {unknown}


   Skills:
 * Level 2.4 Short Blades
 + Level 2.5 Dodging
 * Level 5.1 Stealth
 + Level 2.4 Spellcasting
 + Level 3.3 Hexes
 + Level 0.7 Ice Magic
 + Level 0.1 Air Magic


You had 2 spell levels left.
You knew the following spells:

 Your Spells              Type           Power      Damage    Failure   Level
a - Ensorcelled Hibernat  Hex/Ice        20%        N/A       11%         2
b - Confusing Touch       Hex            15%        N/A       12%         3

Your spell library contained the following spells:

 Spells                   Type           Power      Damage    Failure   Level
 Static Discharge         Conj/Air       4%         2-3/arc   24%         2
 Tukima's Dance           Hex            15%        N/A       12%         3
 Dazzling Flash           Conj/Hex       16%        N/A       24%         3
 Vhi's Electric Charge    Tloc/Air       4%         N/A       43%         3
 Passage of Golubria      Tloc           2%         N/A       85%         4
 Yara's Violent Unravell  Hex/Tmut       4%         3d4       92%         5
 Arcjolt                  Conj/Air       1%         1d11      99%         5
 Lightning Bolt           Conj/Air       1%         1d12      99%         5


Dungeon Overview and Level Annotations

Branches:
Dungeon (3/15)

Altars:


Innate Abilities, Weirdness & Mutations

You cannot wear most types of armour.
You are amphibious.
You can wear up to eight rings at the same time.
Your skin changes colour to match your surroundings (Stealth+).
Your rubbery body absorbs attacks. (AC +1, EV +1)
((You are camouflaged when in or above water. (Stealth+)))
You have tentacles for arms and can constrict up to eight enemies at once.


Message History

Found a stone staircase leading down.
Found a club.
There is a stone staircase leading down here.
You reach down and open the door.
You reach down and open the door.
There is an open door here.
You reach down and open the door.
There is an open door here.
A frilled lizard and 2 gnolls come into view.
The helpless frilled lizard fails to defend itself.
You impale the frilled lizard!!
Lightning courses through the frilled lizard!!
You kill the frilled lizard! 2 gnolls come into view.
The gnoll shouts! x2
The gnoll hits you from afar with a +0 spear.
The gnoll misses you.
The gnoll shouts!
You hit the gnoll. You grab the gnoll. You squeeze the gnoll!
You kill the gnoll!
Unknown command.
Casting: Ensorcelled Hibernation (safe; 11% risk of failure)
Confirm with . or Enter, or press ? or * to list all spells.
Aiming: Ensorcelled Hibernation (safe; 11% risk of failure)
Press: ? - help, Shift-Dir - straight line, f - gnoll
Aim: a gnoll, wielding a +0 flail (chance to affect: 52%)
The gnoll resists with significant effort.
The gnoll hits you with a +0 flail.
Unknown command.
You barely miss the gnoll. You grab the gnoll. You squeeze the gnoll.
The gnoll is moderately wounded.
You constrict the gnoll. The gnoll barely misses you.
You hit the gnoll. You squeeze the gnoll.
The gnoll is severely wounded.
You constrict the gnoll, but do no damage.
The gnoll hits you with a +0 flail! The gnoll closely misses you.
You hit the gnoll.
You kill the gnoll!
The gnoll hits you from afar with a +0 spear!
You die...

#. #...# #. #########
#...# #. #.......#
#.... #. #.......#
#..#>
###.##.?.....#####..#.
#................#..#.
###)g.g..........#..#.
#.##).............#.
#g#@.....#........#.
#g#.##.###......#.#.
#.#.##.# #........#.
#.#.##.# #........#.
#.#.##.# #........+.
#.##.###........#.
#.##.#............
#.##†#'#.#########
#.##.....# .


You could see a gnoll.

Vanquished Creatures
  2 gnolls (D:3)
  4 adders
  A dart slug (D:1)
  6 endoplasms
  A giant cockroach (D:2)
  5 goblins
  10 hobgoblins
  3 jackals (D:1)
  2 quokkas
  6 ball pythons
  6 bats
  4 frilled lizards
  8 kobolds
  A rat (D:1)
  A spectral hobgoblin (D:1)
60 creatures vanquished.

Notes
Turn   | Place    | Note
-------+----------+-------------------------------------------
     0 | D:1      | howech the Octopode Enchanter began the quest for the Orb.
     0 | D:1      | Reached XP level 1. HP: 11/11 MP: 3/3
    99 | D:1      | Reached XP level 2. HP: 11/17 MP: 5/5
   483 | D:1      | Reached XP level 3. HP: 21/21 MP: 6/6
   489 | D:1      | Found a faded altar of an unknown god.
   832 | D:2      | Learned a level 2 spell: Ensorcelled Hibernation
   836 | D:2      | Learned a level 3 spell: Confusing Touch
  1058 | D:2      | Reached XP level 4. HP: 27/27 MP: 7/7
  1708 | D:3      | Identified the +3 robe "Zuicuemy" {Contam Int+4 Dex+5}
  1762 | D:3      | Reached skill level 5 in Stealth
  2084 | D:3      | Slain by a gnoll

Illustrated notes

Levels and vault maps discovered:
D:1:      minmay_arrival_up_and_down, layout_loops_ring,
          dreamdust_ecumenical_altar_drowned_temple, st_stairs_9
D:2:      layout_basic
D:3:      layout_basic

Skill      XL: |  1  2  3  4 |
---------------+-------------+-----
Short Blades   | 2 |  2.4
Stealth        | 5 |  5.1
Dodging        | |  2.5
Spellcasting   | |  2.4
Hexes          | |  3.3
Ice Magic      | |  0.7
Air Magic      | |  0.1

Action                     |  1- 3 |  4- 6 || total
---------------------------+-------+-------++-------
  Melee: Dagger            |    76 |    47 ||   123
         Constrict         |    17 |     7 ||    24
         Tentacles         |    15 |    10 ||    25
         Punch             |     2 |       ||     2
   Cast: Ensorcelled Hiber |     2 |     5 ||     7
    Use: Scroll            |     3 |       ||     3
         Potion            |     2 |       ||     2
   Stab: Sleeping          |     9 |     7 ||    16
         Distracted        |     1 |       ||     1
 Armour: Skin              |     4 |     8 ||    12
  Dodge: Dodged            |    29 |    20 ||    49

Table legend: (Time is in decaauts)
 A = Elapsed time spent in this place.
 B = Non-inter-level travel time spent in this place.
 C = Inter-level travel time spent in this place.
 D = Time resting spent in this place.
 E = Time spent auto-exploring this place.
 F = Levels seen in this place.
 G = Mean time per level.
                   A        B        C        D        E       F      G
               +--------+--------+--------+--------+--------+-----+--------+
         Total |   2071 |   1976 |     95 |      0 |   1496 |   3 |  690.3 |
       Dungeon |   2071 |   1976 |     95 |      0 |   1496 |   3 |  690.3 |
               +--------+--------+--------+--------+--------+-----+--------+

Top non-repeatable levels by time:
     D:1: 847 daAuts
     D:2: 786 daAuts
     D:3: 437 daAuts
